 Dungeon Crawl Stone Soup version 0.31-a0-931-g7b59d4eb97 (webtiles) character file.

Game seed: 8209556734224042009

382 senseless the Ruffian (level 6, 0/47 HPs)
             Began as a Gnoll Shapeshifter on Oct 19, 2023.
             Was a Priest of Jiyva.
             Slain by a centaur (6 damage)
             ... on level 4 of the Dungeon.
             The game lasted 00:05:48 (2457 turns).

senseless the Ruffian (Gnoll Shapeshifter)          Turns: 2457, Time: 00:05:49

Health: 0/47       AC:  2    Str: 16    XL:     6   Next: 76%
Magic:  9/9        EV: 13    Int:  9    God:    Jiyva [***...]
Gold:   86         SH:  0    Dex: 11    Spells: 9/9 levels left

rFire   . . .        f - +2 dagger (venom)
rCold   . . .        (no shield)
rNeg    . . .        a - +0 animal skin
rPois   +            (helmet currently unavailable)
rElec   .            (cloak currently unavailable)
rCorr   +            (gloves currently unavailable)
SInv    .            (boots currently unavailable)
Will    .....        (no amulet)
Stlth   ++           g - ring of poison resistance
HPRegen 1.39/turn    (no ring)
MPRegen 0.46/turn

%: no passive effects
@: lethally poisoned (0 -> -1), beast-form
A: beast (slay +3), fangs 1, strong nose, distributed training, wild magic 3,
jelly sensing items
a: Begin Untransformation, Renounce Religion, Oozemancy


You were on level 4 of the Dungeon.
You worshipped Jiyva.
Jiyva was most pleased with you.
You were a hulking beast.
You visited 1 branch of the dungeon, and saw 4 of its levels.

You collected 86 gold pieces.

Inventory:

Hand Weapons
 f - a +2 dagger of venom (weapon)
Armour
 a - a +0 animal skin (worn)
 i - a +0 pair of boots
 m - a +0 ring mail
 p - a +0 plate armour
Jewellery
 g - a ring of poison resistance (left hand)
Talismans
 c - a beast talisman (active)
 d - a flux talisman
Wands
 q - a wand of flame (24) (quivered)
Scrolls
 e - a scroll of enchant weapon {unknown}
 h - 3 scrolls of identify {unknown}
 j - a scroll of poison {unknown}
 n - a scroll of noise {unknown}
Potions
 b - 2 potions of lignification
 k - a potion of curing
 l - a potion of mutation {unknown}
 o - a potion of might {unknown}


   Skills:
 + Level 3.3 Fighting
 + Level 2.1 Short Blades
 + Level 2.1 Long Blades
 + Level 2.1 Axes
 + Level 2.1 Maces & Flails
 + Level 2.1 Polearms
 + Level 2.1 Staves
 + Level 2.1 Ranged Weapons
 + Level 2.1 Throwing
 + Level 2.1 Armour
 + Level 5.0 Dodging
 + Level 2.1 Stealth
 + Level 2.1 Shields
 + Level 6.9 Unarmed Combat
 + Level 2.1 Spellcasting
 + Level 1.7 Conjurations
 + Level 1.7 Hexes
 + Level 1.7 Summonings
 + Level 1.7 Necromancy
 + Level 1.7 Translocations
 + Level 1.7 Transmutations
 + Level 1.7 Fire Magic
 + Level 1.7 Ice Magic
 + Level 1.7 Air Magic
 + Level 1.7 Earth Magic
 + Level 1.7 Poison Magic
 + Level 2.3 Invocations
 + Level 2.1 Evocations
 + Level 6.8 Shapeshifting


You had 9 spell levels left.
You didn't know any spells.
Your spell library contained the following spells:

 Spells                   Type           Power      Damage    Failure   Level
 Dazzling Flash           Conj/Hex       14%        N/A       69%         3
 Volatile Blastmotes      Fire/Tloc      14%        2d11      69%         3
 Starburst                Conj/Fire      3%         6d3       100%        6
 Maxwell's Capacitive Co  Air            3%         ∞         100%        8


Dungeon Overview and Level Annotations

Branches:
Dungeon (4/15)
 Temple: D:4-7

Altars:
The Shining One
Jiyva

Shops:
D:1 (   D:2 (?

Annotations:
D:4 2 transporters, Maratek's ghost, amateur OpHu


Innate Abilities, Weirdness & Mutations

You are a hulking beast.
Your limbs bulge with bestial killing power. (Slay +3)
You have very sharp teeth.
Your uncanny sense of smell can sniff out nearby items.
Your experience applies equally to all skills.
Your spells are much harder to cast, but much more powerful.
You have a small jelly attached to you that senses nearby items.


Message History

You puncture the adder! Your bite misses the adder.
The adder is severely wounded.
The centaur shoots an arrow.
The arrow barely misses you. The adder bites you.
The centaur shoots an arrow.
The arrow closely misses you.
You completely miss the adder.
The adder is severely wounded.
You hear a distant slurping noise.
Maratek's ghost whispers, "The ORB doesn't exist."
The adder bites you but does no damage.
The centaur shoots an arrow.
The arrow hits you!
* * * LOW HITPOINT WARNING * * *
It was a potion of curing.
You feel better. The adder bites you but does no damage.
The centaur shoots an arrow.
The arrow misses you.
The centaur shoots an arrow.
The arrow barely misses you.
The centaur shoots an arrow.
The arrow closely misses you. The adder closely misses you.
The centaur unwields a +0 orcbow.
The centaur hits you. The centaur closely misses you.
The centaur hits you but does no damage.
The centaur kicks you but does no damage.
The adder bites you.
You are poisoned.
The adder poisons you!
There is a stone staircase leading up, spattered with blood here.
You hit the adder.
The adder is almost dead.
You feel sick.
You hear a distant slurping noise.
The centaur hits you but does no damage.
The centaur closely misses you. The adder bites you.
* * * LOW HITPOINT WARNING * * *
You hit the adder.
You kill the adder!
You feel sick. The centaur hits you.
* * * LOW HITPOINT WARNING * * *
The centaur kicks you.
* * * LOW HITPOINT WARNING * * *
The centaur hits you.
You die...

######## ...... ......
..... .....# ...#
..... ...# ...###..#
..##hc.##### #.
#.###......# #.
#.###.####.#
#.###........#
#######.##...#####$..#
### #..........###5W5#
#.# #.....
#.........##......© #
#.....
#.........#..#.#...#
##.....
#.........#..#.#...#
.......


You could see a centaur, a quasit and Maratek's ghost.

Vanquished Creatures
  Sigmund (D:2)
  An ice beast (D:3)
  Natasha (twice) (D:2)
  Terence (D:3)
  An orc wizard (D:4)
  An adder (D:4)
  2 worms
  4 orcs
  A giant cockroach (D:2)
  4 goblins
  3 quokkas
  3 ball pythons
  4 bats
  A frilled lizard (D:1)
  3 kobolds
  5 rats
37 creatures vanquished.

Vanquished Creatures (others)
  Natasha (D:2)
  An adder (D:3)
  A worm (D:3)
  3 orcs (D:3)
  A ball python (D:1)
  A bat (D:1)
  3 endoplasms
  2 giant cockroaches (D:1)
  2 goblins
  A hobgoblin (D:3)
  A frilled lizard (D:1)
  9 kobolds
  2 rats (D:1)
28 creatures vanquished.

Grand Total: 65 creatures vanquished

Notes
Turn   | Place    | Note
-------+----------+-------------------------------------------
     0 | D:1      | senseless the Gnoll Shapeshifter began the quest for the
                  | Orb.
     0 | D:1      | Reached XP level 1. HP: 17/17 MP: 1/1
    68 | D:1      | Found a faded altar of an unknown god.
    72 | D:1      | Prayed at the altar of an unknown god.
    72 | D:1      | Became a worshipper of Jiyva Jayprom the Shapeless
    72 | D:1      | Reached * piety under Jiyva
   287 | D:1      | Reached XP level 2. HP: 23/23 MP: 2/2
   411 | D:1      | Reached ** piety under Jiyva
   514 | D:1      | You fall into a shaft and drop 1 floor!
   553 | D:2      | Found Farityn's Magic Scroll Shoppe.
   554 | D:2      | Noticed Natasha
   559 | D:2      | Killed Natasha
   560 | D:2      | Reached XP level 3. HP: 27/28 MP: 2/4
   602 | D:2      | Reached skill level 1 in Invocations
   660 | D:2      | Found Qibroif's Antique Weapon Shop.
   685 | D:2      | Noticed Natasha
   689 | D:2      | Killed Natasha
   690 | D:2      | Reached skill level 1 in Short Blades
   690 | D:2      | Reached skill level 1 in Long Blades
   690 | D:2      | Reached skill level 1 in Axes
   690 | D:2      | Reached skill level 1 in Maces & Flails
   690 | D:2      | Reached skill level 1 in Polearms
   690 | D:2      | Reached skill level 1 in Staves
   690 | D:2      | Reached skill level 1 in Ranged Weapons
   690 | D:2      | Reached skill level 1 in Throwing
   690 | D:2      | Reached skill level 1 in Armour
   690 | D:2      | Reached skill level 1 in Stealth
   690 | D:2      | Reached skill level 1 in Shields
   690 | D:2      | Reached skill level 1 in Spellcasting
   690 | D:2      | Reached skill level 1 in Evocations
   690 | D:2      | Reached XP level 4. HP: 34/34 MP: 5/5
   799 | D:2      | Noticed Sigmund
   811 | D:2      | Killed Sigmund
   812 | D:2      | Reached skill level 1 in Conjurations
   812 | D:2      | Reached skill level 1 in Hexes
   812 | D:2      | Reached skill level 1 in Summonings
   812 | D:2      | Reached skill level 1 in Necromancy
   812 | D:2      | Reached skill level 1 in Translocations
   812 | D:2      | Reached skill level 1 in Transmutations
   812 | D:2      | Reached skill level 1 in Fire Magic
   812 | D:2      | Reached skill level 1 in Ice Magic
   812 | D:2      | Reached skill level 1 in Air Magic
   812 | D:2      | Reached skill level 1 in Earth Magic
   812 | D:2      | Reached skill level 1 in Poison Magic
   812 | D:2      | Reached XP level 5. HP: 37/41 MP: 5/7
   812 | D:2      | Reached XP level 6. HP: 43/47 MP: 5/8
   872 | D:2      | Found a glowing golden altar of the Shining One.
   897 | D:2      | Killed Natasha
  1342 | D:1      | Found Ledeisse's Weapon Shop.
  1760 | D:3      | Noticed an ice beast
  1777 | D:3      | Killed an ice beast
  1778 | D:3      | Reached skill level 5 in Dodging
  1858 | D:3      | Reached *** piety under Jiyva
  1912 | D:3      | Gained mutation: You have a small jelly attached to you
                  | that senses nearby items. [Jiyva's grace]
  1912 | D:3      | Gained mutation: Your spells are a little harder to cast,
                  | but a little more powerful. [Jiyva's grace]
  1912 | D:3      | Gained mutation: Your spells are harder to cast, but more
                  | powerful. [Jiyva's grace]
  1912 | D:3      | Gained mutation: Your spells are much harder to cast, but
                  | much more powerful. [Jiyva's grace]
  2076 | D:3      | Noticed Terence
  2086 | D:3      | Killed Terence
  2424 | D:4      | Found a transporter.
  2426 | D:4      | Noticed Maratek's ghost (amateur OpHu)
  2446 | D:4      | Found a transporter.
  2457 | D:4      | Slain by a centaur

Illustrated notes

Levels and vault maps discovered:
D:1:      dpeg_arrival_houses_and_road, layout_basic,
          ebering_ecumenical_altar_box, serial_shops, shop_statue,
          minmay_close_crescents
D:2:      layout_loops_ring, serial_shops, nicolae_square_shop,
          nicolae_shop_dealshenge, basic_altar, uniq_sigmund, uniq_natasha
D:3:      cheibrodos_fertilizer, layout_rooms, minmay_misc_feat_four_crosses,
          dk_noncrumbling_2, uniq_terence
D:4:      layout_basic, gammafunk_ghost_stat_death, grunt_decor_clamped,
          grunt_ministairs_3, uniq_robin

Skill      XL: |  1  2  3  4  5  6 |
---------------+-------------------+-----
Invocations    | 1 2 |  2.3
Short Blades   | 1 2 |  2.1
Long Blades    | 1 2 |  2.1
Axes           | 1 2 |  2.1
Maces & Flails | 1 2 |  2.1
Polearms       | 1 2 |  2.1
Staves         | 1 2 |  2.1
Ranged Weapons | 1 2 |  2.1
Throwing       | 1 2 |  2.1
Armour         | 1 2 |  2.1
Stealth        | 1 2 |  2.1
Shields        | 1 2 |  2.1
Spellcasting   | 1 2 |  2.1
Evocations     | 1 2 |  2.1
Fighting       | 3 |  3.3
Conjurations   | 1 |  1.7
Hexes          | 1 |  1.7
Summonings     | 1 |  1.7
Necromancy     | 1 |  1.7
Translocations | 1 |  1.7
Transmutations | 1 |  1.7
Fire Magic     | 1 |  1.7
Ice Magic      | 1 |  1.7
Air Magic      | 1 |  1.7
Earth Magic    | 1 |  1.7
Poison Magic   | 1 |  1.7
Dodging        | 5 |  5.0
Unarmed Combat | |  6.9
Shapeshifting  | |  6.8

Action                     |  1- 3 |  4- 6 || total
---------------------------+-------+-------++-------
  Melee: Unarmed           |    16 |       ||    16
         Dagger            |    13 |    66 ||    79
         Punch             |     1 |     3 ||     4
         Bite              |     1 |     4 ||     5
    Use: Potion            |       |     1 ||     1
   Stab: Sleeping          |     1 |     1 ||     2
 Armour: Animal skin       |    11 |    37 ||    48
  Dodge: Dodged            |    15 |    45 ||    60

Table legend: (Time is in decaauts)
 A = Elapsed time spent in this place.
 B = Non-inter-level travel time spent in this place.
 C = Inter-level travel time spent in this place.
 D = Time resting spent in this place.
 E = Time spent auto-exploring this place.
 F = Levels seen in this place.
 G = Mean time per level.
                   A        B        C        D        E       F      G
               +--------+--------+--------+--------+--------+-----+--------+
         Total |   2452 |   2263 |    189 |     70 |   1626 |   4 |  613.0 |
       Dungeon |   2452 |   2263 |    189 |     70 |   1626 |   4 |  613.0 |
               +--------+--------+--------+--------+--------+-----+--------+

Top non-repeatable levels by time:
     D:2: 1066 daAuts
     D:1: 693 daAuts
     D:3: 596 daAuts
     D:4: 95 daAuts
